 Dungeon Crawl Stone Soup version 0.25-a0-317-g5f8687bca5 (webtiles) character file.

Game seed: 9675532720687846955, levelgen mode: deterministic

1024 Goblin1989 the Cutter (level 8, 0/56 HPs)
             Began as a Demonspawn Assassin on Dec 25, 2019.
             Succumbed to a worker ant's poison
             ... on level 7 of the Dungeon on Dec 26, 2019.
             The game lasted 00:13:27 (7825 turns).

Goblin1989 the Cutter (Demonspawn Assassin)         Turns: 7825, Time: 00:13:28

Health: 0/56       AC:  3    Str: 17    XL:     8   Next: 2%
Magic:  1/8        EV: 11    Int: 12    God:
Gold:   341        SH: 11    Dex: 17    Spells: 7/7 levels left

rFire    . . .     SeeInvis .   a - +2 dagger
rCold    + . .     Gourm    .   n - +0 buckler
rNeg     . . .     Faith    .   w - +0 robe {Archmagi}
rPois    .         Spirit   +   (no helmet)
rElec    .         Reflect  +   H - +0 cloak
rCorr    .         Harm     .   (no gloves)
MR       .....                  (no boots)
Stlth    ++++......             D - +6 amulet of reflection
HPRegen  0.18/turn              x - ring of stealth
MPRegen  0.22/turn              c - ring of protection from cold

@: mighty, lethally poisoned (0 -> -11), drained
A: hooves 1, demonic guardian 1, wild magic 1, magic shield, magic regeneration
a: no special abilities


You were on level 7 of the Dungeon.
You were hungry.

You visited 1 branch of the dungeon, and saw 7 of its levels.

You collected 341 gold pieces.

Inventory:

Hand Weapons
 a - a +2 dagger (weapon)
 q - a +0 hunting sling
 E - a +0 rapier
Missiles
 d - 19 poisoned darts (quivered)
 o - 49 sling bullets
 p - 126 stones {@Q3}
 K - 13 atropa-tipped darts
Armour
 n - a +0 buckler (worn)
 w - a +0 robe of the Archmagi (worn)
 H - a +0 cloak (worn)
Jewellery
 c - a ring of protection from cold (right hand)
 x - a ring of stealth (left hand)
 y - an uncursed ring of fire
 D - a +6 amulet of reflection (around neck)
 J - an uncursed ring of protection from cold
Wands
 O - a wand of acid (7) {@v2}
Scrolls
 h - 3 scrolls of remove curse {@r3}
 k - a scroll of fog {unknown}
 l - 4 scrolls of teleportation {unknown}
 m - a scroll of noise {unknown}
 r - 3 scrolls of fear {unknown}
 u - 6 scrolls of identify {unknown}
 B - 2 scrolls of blinking
 N - a scroll of torment {unknown}
Potions
 s - 3 potions of heal wounds
 t - 5 potions of curing {unknown}
 G - 2 potions of berserk rage
 M - a potion of lignification {unknown}
 P - a potion of ambrosia {unknown}
Comestibles
 e - 10 rations


   Skills:
 - Level 2.0(1.4) Fighting
 * Level 6.2(5.6) Short Blades
 - Level 1.7(1.2) Throwing
 - Level 0.8(0.3) Dodging
 + Level 5.9(5.3) Stealth
 + Level 3.9(3.3) Shields


You had 7 spell levels left.
You didn't know any spells.
Your spell library contained the following spells:

 Spells                   Type           Power        Failure   Level  Hunger
 Sandblast                Erth           #.....       43%         1    ##.....
 Passwall                 Tmut/Erth      #.......     56%         2    ###....
 Stone Arrow              Conj/Erth      #.....       78%         3    ####...
 Petrify                  Tmut/Erth      #.......     99%         4    #####..
 Lee's Rapid Deconstruct  Erth           #.........   100%        5    ######.


Dungeon Overview and Level Annotations

Branches:
Dungeon (7/15)             Temple (0/1) D:7

Altars:
Ashenzari
Dithmenos
Gozag
Kikubaaqudgha
Qazlal
Ru
Trog
Xom
Yredelemnul
Zin

Shops:
D:4 [   D:5 (

Annotations:
D:5 3 runed translucent doors, Borgoz's ghost, novice GrBe; Esekla's ghost, novice DECj


Innate Abilities, Weirdness & Mutations

A weak demonic guardian rushes to your aid.
When hurt, damage is shared between your health and your magic reserves.
You regenerate magic rapidly.
You have large cloven feet.
Your spells are a little harder to cast, but a little more powerful.


Message History

You block the orc's attack. The orc hits you with a +0 dagger.
You take 1 damage, and have 27/56 hp.
You barely miss the orc. You block the orc's attack.
You barely miss the orc. You closely miss the orc. You block the orc's attack.
You hit the orc.
The orc is heavily wounded.
The orc closely misses you.
You hit the orc.
You kill the orc!
MP restored: 8 You see here a +0 dagger.
You are feeling hungry.
You regained 2 hp, and now have 29/56 hp.
You see here a +0 giant spiked club.
There is a stone staircase leading down here.
You regained 11 hp, and now have 40/56 hp.
You climb downwards.
You hear the hiss of flowing sand.
There is an entrance to an ossuary on this level.
Hurry and find it before the portal is buried!
You hear the slow hiss of a very distant avalanche of sand. 2 black bears come into view.
A jackal comes into view.
Found a bloodstained altar of Trog.
There is a stone staircase leading up here.
Unknown command.
An orc wizard comes into view. It is wielding a +0 dagger.
A jackal and a crimson imp come into view.
A jackal comes into view.
The jackal moves out of view.
A worker ant and 2 wights come into view.
Found a staircase to the Ecumenical Temple.
Unknown command.
A worker ant, an orc and a wight come into view.
The crimson imp shouts!
The worker ant twitches its antennae in your direction.
The orc wizard shouts!
You hear an angry hiss.
The orc shouts!
The orc moves out of view.
You hear a shout!
You hit the crimson imp but do no damage.
You kick the crimson imp.
The crimson imp is lightly wounded.
A hound comes into view.
An orc comes into view.
A water moccasin comes into view.
The crimson imp misses you. The black bear bites your ufetubus!
Your ufetubus dies!
You block the crimson imp's attack.
The crimson imp blinks!
You block the worker ant's attack. The water moccasin barely misses you.
The orc wizard mumbles some strange words.
The orc wizard blinks!
The wight hits you with a cursed +0 spear.
You feel drained.
You take 7 damage, and have 35/56 hp.
You now have 7/8 mp.
The orc misses your white imp. The orc hits your white imp.
The hound bites your white imp.
The orc wizard gestures wildly while chanting.
The orc wizard blinks!
The water moccasin barely misses you.
Your white imp barely misses the hound.
Something bites your white imp.
The orc hits your white imp but does no damage.
The orc hits your white imp with a +0 club.
You block the worker ant's attack. Something barely misses your white imp.
Your white imp gestures at the orc.
The puff of frost hits the orc!
The orc dies!
You feel very mighty all of a sudden. You block the wight's attack.
The water moccasin bites you! The orc closely misses your white imp.
Something closely misses your white imp.
The worker ant bites you.
You are poisoned.
The worker ant poisons you!
You take 7 damage, and have 29/56 hp.
You now have 6/8 mp.
You puncture the jackal!
You kill the jackal!
You feel sick. The water moccasin bites you!
* * * LOW HITPOINT WARNING * * *
The wight barely misses you. You block the wight's attack.
The worker ant bites you.
* * * LOW HITPOINT WARNING * * *
You are more poisoned.
The worker ant poisons you!
You take 13 damage, and have 16/56 hp.
MASSIVE DAMAGE!!
You now have 4/8 mp.
You feel sick.
The wight hits you from afar with a cursed +0 spear!
* * * LOW HITPOINT WARNING * * *
You feel drained.
* * * LOW HITPOINT WARNING * * *
You block the water moccasin's attack. The worker ant bites you!
* * * LOW HITPOINT WARNING * * *
You take 13 damage, and have 3/56 hp.
MASSIVE DAMAGE!!
You now have 1/8 mp.
* * * LOW HITPOINT WARNING * * *
You feel sick.
Your white imp gestures at the crimson imp.
The puff of frost hits the crimson imp!
The crimson imp is frozen!
The orc misses your white imp. The crimson imp hits your white imp.
The orc wizard closely misses you.
You take 2 damage, and have 1/56 hp.
You die... █████

█...█ ███.█.██
██......███
█████...█.█@..█████
.........zS........
█.......█†aa█o..██..
█.....█.hh.z..█.....
█...█)....>z....█...
█.....█)55....█.....
██...o█.$.█...███.
█.██.......███
███.███.█.█.██


You could see a water moccasin, a hound, 2 worker ants, 3 wights, an orc wizard,
a crimson imp, an orc, a jackal and a friendly white imp.

Vanquished Creatures
  2 ogres
  A centaur (D:6)
  A scorpion (D:6)
  3 crimson imps
  An orc priest (D:5)
  2 orc wizards
  2 worker ants (D:4)
  A hound skeleton (D:4)
  6 gnolls
  11 adders
  A shadow imp (D:5)
  An adder zombie (D:6)
  5 worms
  A dart slug (D:2)
  5 leopard geckos
  9 orcs
  A ball python (D:4)
  3 bats (D:3)
  A giant cockroach (D:2)
  3 goblins
  4 hobgoblins
  13 jackals
  2 quokkas
  6 frilled lizards
  7 kobolds
  A quokka skeleton (D:4)
  11 rats
104 creatures vanquished.

Vanquished Creatures (collateral kills)
  A sky beast (D:5)
  A bullfrog (D:6)
  A scorpion (D:4)
  A howler monkey (D:4)
  A centaur zombie (D:6)
  2 orc wizards
  2 orcs
  A jackal (D:6)
10 creatures vanquished.

Vanquished Creatures (others)
  4 withered plants (D:5)
4 creatures vanquished.

Grand Total: 118 creatures vanquished

Notes
Turn   | Place    | Note
-------+----------+-------------------------------------------
     0 | D:1      | Goblin1989 the Demonspawn Assassin began the quest for the
                  | Orb.
     0 | D:1      | Reached XP level 1. HP: 16/16 MP: 1/1
   320 | D:1      | Reached skill level 2 in Short Blades
   824 | D:2      | Gained mutation: When hurt, damage is shared between your
                  | health and your magic reserves. [demonic ancestry]
   824 | D:2      | Reached XP level 2. HP: 13/22 MP: 2/2
  1202 | D:2      | Reached XP level 3. HP: 22/27 MP: 3/3
  1301 | D:2      | Reached skill level 1 in Shields
  1381 | D:2      | Reached skill level 3 in Short Blades
  1678 | D:2      | Gained mutation: A weak demonic guardian rushes to your
                  | aid. [demonic ancestry]
  1678 | D:2      | Reached XP level 4. HP: 33/33 MP: 4/4
  2450 | D:2      | Found a stormy altar of Qazlal.
  2639 | D:3      | Found an opulent altar of Gozag.
  2995 | D:3      | Found a shimmering altar of Xom.
  2995 | D:3      | Found a shattered altar of Ashenzari.
  3107 | D:3      | Reached XP level 5. HP: 13/38 MP: 1/5
  3803 | D:4      | Found Rawiowia's Armour Shop.
  3829 | D:4      | Reached skill level 4 in Short Blades
  3994 | D:4      | Found a basalt altar of Yredelemnul.
  4095 | D:5      | Entered Level 5 of the Dungeon
  4257 | D:4      | Gained mutation: You regenerate magic rapidly. [demonic
                  | ancestry]
  4257 | D:4      | Reached XP level 6. HP: 31/44 MP: 3/6
  4561 | D:4      | Found a shimmering altar of Xom.
  4824 | D:4      | Found a glowing silver altar of Zin.
  5136 | D:5      | Reached skill level 5 in Stealth
  5163 | D:5      | Noticed a sky beast
  5186 | D:5      | Killed a sky beast
  5186 | D:5      | Reached skill level 5 in Short Blades
  5304 | D:5      | Found Vuis's Weapon Emporium.
  5447 | D:5      | Found a sacrificial altar of Ru.
  5479 | D:5      | Found a shadowy altar of Dithmenos.
  5710 | D:5      | Found a runed translucent gate.
  5710 | D:5      | Found a runed translucent gate.
  5710 | D:5      | Found a runed translucent gate.
  5710 | D:5      | Noticed Esekla's ghost (novice DECj)
  5710 | D:5      | Noticed Borgoz's ghost (novice GrBe)
  5711 | D:5      | Noticed Borgoz's ghost (novice GrBe)
  5790 | D:5      | Found an ancient bone altar of Kikubaaqudgha.
  6036 | D:6      | Reached XP level 7. HP: 49/50 MP: 7/7
  7254 | D:6      | Reached skill level 6 in Short Blades
  7267 | D:6      | HP: 2/50 [centaur/arrow (11)]
  7284 | D:6      | Gained mutation: You have large cloven feet. [potion of
                  | mutation]
  7284 | D:6      | Gained mutation: Your spells are a little harder to cast,
                  | but a little more powerful. [potion of mutation]
  7710 | D:7      | Reached XP level 8. HP: 56/56 MP: 8/8
  7807 | D:7      | Found a bloodstained altar of Trog.
  7813 | D:7      | Found a staircase to the Ecumenical Temple.
  7824 | D:7      | HP: 1/56 [poisoned by a worker ant]
  7825 | D:7      | Succumbed to a worker ant's poison

Levels and vault maps discovered:
D:1:      onia_arrival_mini_spirals, layout_loops_cross
D:2:      minmay_diamond_boxcup, layout_basic, marbit_many_paths,
          minmay_circle_x
D:3:      layout_rooms, grunt_gozag_statues, amethyst_overflow_temple_binary,
          serial_forest, infiniplex_forest_end_3, infiniplex_forest_end_2,
          infiniplex_forest_straight_4, infiniplex_forest_straight_2,
          infiniplex_forest_zigzag_2, infiniplex_forest_corner_1
D:4:      layout_loops_cross, lemuel_coloured_pillars_altar, zin_treasury,
          serial_shops, shop, first_ration, tgw_xom
D:5:      layout_cave_pods, nicolae_ru_awakened_eye, kennysheep_little_box,
          gammafunk_ghost_cemetery, serial_shops, kennysheep_mini,
          grunt_dithmenos_smoke_and_mirrors
D:6:      layout_basic
D:7:      layout_rooms, vehumet_crystals, trog_ov_bears_minmay,
          minmay_temple_entry_sparse_star, nicolae_ossuary_entry_plus,
          serial_shops, shop, shop

Skill      XL: |  1  2  3  4  5  6  7 |
---------------+----------------------+-----
Short Blades   | 2 3 4 5 6 |  6.2
Stealth        | 4 5 |  5.9
Shields        | 1 2 3 |  3.9
Fighting       | |  2.0
Throwing       | |  1.7
Dodging        | |  0.8

Action                   |  1- 3 |  4- 6 |  7- 9 || total
-------------------------+-------+-------+-------++-------
Melee: Dagger            |    73 |   247 |   351 ||   671
       Kick              |       |       |     6 ||     6
Throw: Dart              |    17 |       |       ||    17
  Use: Scroll            |       |     4 |       ||     4
       Potion            |       |       |     7 ||     7
 Stab: Sleeping          |     8 |    14 |     3 ||    25
       Distracted        |     1 |       |       ||     1
  Eat: Chunk             |     2 |    12 |     4 ||    18
       Ration            |       |       |     1 ||     1
Armor: Robe              |     5 |    24 |    37 ||    66
Dodge: Dodged            |    34 |    82 |    95 ||   211
Block: Buckler           |    11 |    65 |   147 ||   223
       Reflection        |       |     1 |     2 ||     3

Table legend:
 A = Non-vault XP
 B = Vault XP
 C = Vault XP percentage of total XP
 D = Non-vault monster count
 E = Vault monster count
 F = Vault count percentage of total count
                 A         B        C        D         E       F
            +---------+---------+-------+---------+---------+-------
      Total |    1386 |      77 |   5.3 |      96 |      18 |  15.8
            +---------+---------+-------+---------+---------+-------
        D:1 |       6 |       0 |   0.0 |       5 |       0 |   0.0
        D:2 |     100 |      39 |  28.1 |      23 |      11 |  32.4
        D:3 |      73 |       0 |   0.0 |      13 |       0 |   0.0
        D:4 |     200 |      38 |  16.0 |      14 |       7 |  33.3
        D:5 |     375 |       0 |   0.0 |      14 |       0 |   0.0
        D:6 |     585 |       0 |   0.0 |      24 |       0 |   0.0
        D:7 |      47 |       0 |   0.0 |       3 |       0 |   0.0
            +---------+---------+-------+---------+---------+-------

Levels and vault maps discovered:
D:1:      onia_arrival_mini_spirals, layout_loops_cross
D:2:      minmay_diamond_boxcup, layout_basic, marbit_many_paths,
          minmay_circle_x
D:3:      layout_rooms, grunt_gozag_statues, amethyst_overflow_temple_binary,
          serial_forest, infiniplex_forest_end_3, infiniplex_forest_end_2,
          infiniplex_forest_straight_4, infiniplex_forest_straight_2,
          infiniplex_forest_zigzag_2, infiniplex_forest_corner_1
D:4:      layout_loops_cross, lemuel_coloured_pillars_altar, zin_treasury,
          serial_shops, shop, first_ration, tgw_xom
D:5:      layout_cave_pods, nicolae_ru_awakened_eye, kennysheep_little_box,
          gammafunk_ghost_cemetery, serial_shops, kennysheep_mini,
          grunt_dithmenos_smoke_and_mirrors
D:6:      layout_basic
D:7:      layout_rooms, vehumet_crystals, trog_ov_bears_minmay,
          minmay_temple_entry_sparse_star, nicolae_ossuary_entry_plus,
          serial_shops, shop, shop
